Description

uThermal SICK BUILDS FOR THE NEW PATCH

VOD

https://www.youtube.com/watch?v=15BDhf7efAs

Replay - 2020-06-15 - (T)Sarrel VS (Z)ZhuGeLiang

Build Order

Get SALT Encoding   

  12  0:01  SCV  
  13  0:13  SCV  
  14  0:17  Supply Depot  
  14  0:25  SCV  
  15  0:39  Barracks, SCV  
  16  0:44  Refinery  
  16  0:51  SCV  
  17  1:03  SCV  
  18  1:15  SCV  
  19  1:26  Reaper  
  19  1:27  Orbital Command  
  20  1:42  Command Center  
  20  1:52  Supply Depot  
  20  1:53  SCV  
  21  1:58  Marine  
  22  2:06  SCV  
  23  2:11  Factory  
  23  2:18  SCV  
  23  2:20  Barracks Reactor  
  24  2:25  Refinery  
  26  2:54  Orbital Command  
  26  2:57  Starport  
  27  3:02  Hellion x2  
  32  3:14  Supply Depot  
  34  3:24  Hellion x2  
  38  3:33  Medivac  
  42  3:38  Armory  
  42  3:45  Widow Mine x2  
  47  3:55  Supply Depot  
  47  4:00  Liberator  
  49  4:06  Hellion x2  
  58  4:25  Command Center  
  58  4:32  Supply Depot  
  58  4:33  Barracks Tech Lab  
  60  4:41  Factory Reactor  
  59  4:46  Barracks x2  
  59  4:51  Marine  
  59  4:52  Stimpack  
  62  5:09  Marine, Starport Reactor  
  62  5:11  Engineering Bay x2  
  62  5:13  Refinery  
  61  5:23  Hellion x4  
  61  5:27  Marine  
  64  5:28  Factory Reactor  
  64  5:37  Marine x2  
  64  5:42  Refinery  
  64  5:44  Marine x3  
  64  5:49  Medivac  
  69  5:55  Marine  
  74  6:19  Orbital Command  
  74  6:21  Barracks x2  
  74  6:22  Medivac x2  
  80  6:35  Widow Mine x2  
  82  6:41  Missile Turret x3  
  93  7:09  Barracks Reactor x2  
Spawning Tool Build Advisor. Get it on Overwolf

Analysis

Deep analysis on youtube link :)

Go to:

Details

  • Created by: YemaThar
  • Published on: Jun 17, 2020
  • Modified on: Jun 17, 2020
  • Patch: 4.11.0
  • Difficulty: Hard
Show
View Real Time Build Order
Export as new Build Order

Comments (0)

There are no comments. Be the first!

Create an account to comment!